Selects Australian Defense Battlegroup
Selects Australian Light Infantry Section
Australian Light Infantry Section
Construct Section Command Post
Selects Defensive Tactics
Australian Light Infantry Section
Construct Platoon Command Post
Selects CMP 15cwt Supply Run
Selects Reinforced Resource Caches
Unlock M3 Stuart Light Tanks
Unlock Bishop Self-propelled Artillery
Bishop Self-propelled Artillery
Selects Charged Creeping Barrage
Construct Company Command Post
Unlock M3 Grant Medium Tanks